 Dungeon Crawl Stone Soup version 0.19.6-3-g7d5932f76a (webtiles) character file.

25 EnegeticOcto the Conjurer (level 2, -3/17 HPs)
             Began as a High Elf Conjurer on Feb 8, 2021.
             Slain by RedRedRas's ghost (14 damage)
             ... on level 3 of the Dungeon.
             The game lasted 00:03:29 (433 turns).

EnegeticOcto the Conjurer (High Elf Conjurer)        Turns: 433, Time: 00:03:30

Health: -3/17      AC:  2    Str:  7    XL:     2   Next: 82%
Magic:  0/6        EV: 13    Int: 18    God:
Gold:   13         SH:  0    Dex: 15    Spells: 2 memorised, 2 levels left

rFire  . . .     SeeInvis .     d - +0 spear
rCold  . . .     Gourm    .     a - +0 robe
rNeg   . . .     Faith    .     (no shield)
rPois  .         Spirit   .     (no helmet)
rElec  .         Reflect  .     (no cloak)
rCorr  .         Harm     .     (no gloves)
MR     .....                    (no boots)
Stlth  ++........               (no amulet)
                                (no ring)
                                (no ring)

@: no status effects
A: no striking features
a: no special abilities


You were on level 3 of the Dungeon.
You were not hungry.

You visited 1 branch of the dungeon, and saw 3 of its levels.

You collected 13 gold pieces.

Inventory:

Hand Weapons
 d - a +0 spear (weapon)
   (You found it on level 1 of the Dungeon)
Missiles
 e - 20 arrows
Armour
 a - a +0 robe (worn)
Wands
 j - a wand of flame (22/48) {@v4}
   (You found it on level 3 of the Dungeon)
Scrolls
 g - a scroll of noise {unknown}
 h - 2 scrolls of identify {unknown}
 i - a scroll of magic mapping {unknown}
Potions
 f - a potion of invisibility {unknown}
 k - a potion of lignification {unknown}
Books
 b - a book of Conjurations

   Spells                             Type                      Level
   a - Magic Dart                     Conjuration                  1
   b - Searing Ray                    Conjuration                  2
   c - Dazzling Spray                 Conjuration/Hexes            3
   d - Fulminant Prism                Conjuration/Hexes            4
   e - Iskenderun's Mystic Blast      Conjuration                  4
   f - Iskenderun's Battlesphere      Conjuration/Charms           5
Comestibles
 c - a bread ration


   Skills:
 - Level 2.1 Dodging
 - Level 2.1 Stealth
 - Level 2.4 Spellcasting
 + Level 5.4 Conjurations


You had 2 spell levels left.
You knew the following spells:

 Your Spells              Type           Power        Failure   Level  Hunger
a - Magic Dart            Conj           ###.         1%          1    #......
b - Searing Ray           Conj           ###...       2%          2    ##.....


Dungeon Overview and Level Annotations

Branches:
Dungeon (3/15)

Altars:

Annotations:
D:3 RedRedRas's ghost, amateur TrBe


Message History

Aim: a hobgoblin, wielding a club (heavily wounded)
The magic dart hits the hobgoblin.
The hobgoblin is almost dead.
The hobgoblin closely misses you.
There is a stone staircase leading up here.
Attack whom?
Press: ? - help, Dir - move target cursor, f/p - hobgoblin
Aim: a hobgoblin, wielding a club (almost dead)
You closely miss the hobgoblin.
The hobgoblin is almost dead.
The hobgoblin hits you with a club.
* * * LOW HITPOINT WARNING * * *
You hit the hobgoblin.
You kill the hobgoblin!
You hear the rusting of a distant drain.
You see here a leopard gecko corpse.
Press: ? - help, v - describe, . - travel, g - get item
Here: a hobgoblin, wielding a club A leopard gecko corpse.
The floor.
Unknown command.
You see here a leather armour.
There is a stone staircase leading up here.
You see here a club.
Casting: Magic Dart
Confirm with . or Enter, or press ? or * to list all spells.
Aiming: Magic Dart
Press: ? - help, Shift-Dir - straight line, f - hobgoblin
Aim: a hobgoblin, wielding a club The magic dart hits the hobgoblin.
You kill the hobgoblin!
Things that are here:
a club; a hobgoblin corpse
There is a stone staircase leading up here.
You see here a club.
You see here a leather armour.
Found a viscous red potion.
You now have 10 gold pieces.
k - a viscous red potion
Found 17 sling bullets.
You now have 13 gold pieces (gained 3).
You hear the brisk rusting of a distant drain.
Magic restored.
Found a scroll labeled FOTAPP COUGUC.
Found a scroll labeled GITSENUDUO.
Casting: Magic Dart
Confirm with . or Enter, or press ? or * to list all spells.
Aiming: Magic Dart
Press: ? - help, Shift-Dir - straight line, f - RedRedRas's ghost
Aim: RedRedRas's ghost (hasn't noticed you)
The magic dart hits RedRedRas's ghost.
RedRedRas's ghost is lightly damaged.
A ball python comes into view.
Casting: Magic Dart
Confirm with . or Enter, or press ? or * to list all spells.
Aiming: Magic Dart
Press: ? - help, Shift-Dir - straight line, f/p - RedRedRas's ghost
Aim: RedRedRas's ghost (lightly damaged)
You miscast Magic Dart.
You are very lightly contaminated with residual magic.
Nothing appears to happen.
Casting: Magic Dart
Confirm with . or Enter, or press ? or * to list all spells.
Aiming: Magic Dart
Press: ? - help, Shift-Dir - straight line, f/p - RedRedRas's ghost
Aim: RedRedRas's ghost (lightly damaged)
The magic dart hits RedRedRas's ghost.
RedRedRas's ghost is moderately damaged.
The ball python hisses angrily.
Casting: Magic Dart
Confirm with . or Enter, or press ? or * to list all spells.
Aiming: Searing Ray
Press: ? - help, Shift-Dir - straight line, f/p - RedRedRas's ghost
Aim: RedRedRas's ghost (moderately damaged)
The searing ray hits RedRedRas's ghost.
RedRedRas's ghost is moderately damaged. (Press . to maintain the ray.)
The searing ray hits RedRedRas's ghost.
RedRedRas's ghost is heavily damaged.
Without enough magic to sustain it, your searing ray dissipates.
Casting: Searing Ray
Confirm with . or Enter, or press ? or * to list all spells.
Aiming: Magic Dart
Press: ? - help, Shift-Dir - straight line, f/p - RedRedRas's ghost
Aim: RedRedRas's ghost (heavily damaged)
The magic dart hits RedRedRas's ghost.
RedRedRas's ghost is heavily damaged.
RedRedRas's ghost barely misses you.
Your magical contamination has completely faded away.
RedRedRas's ghost says, "I break bones and crack skulls... with my bare hands."
Casting: Magic Dart
Confirm with . or Enter, or press ? or * to list all spells.
Aiming: Magic Dart
Press: ? - help, Shift-Dir - straight line, f/p - RedRedRas's ghost
Aim: RedRedRas's ghost (heavily damaged)
The magic dart hits RedRedRas's ghost.
RedRedRas's ghost is heavily damaged.
RedRedRas's ghost hits you!
Ouch! That really hurt!
You die...

#.##. #.(###.# #.
#..# #.# #? #..# #.#
#.## # #..# #.#
###..###
####.##..###.####
.......#
..........##....#
#.#
.....##...#####.#
#.#
##########...#####.#
#.#
#.....SW@..........#
#.#
#.#######..#.#####.#
#.####.# #..#.#
###.## #......#
#..#.###....#
########
#..>...#.#.##
######.......#.#.#.#
... .....####.#.#.#
#.# #.##.###....#.#
#<# # #..........#


You could see RedRedRas's ghost and a ball python.

Vanquished Creatures
  A dart slug (D:2)
  A leopard gecko (D:3)
  3 orcs (D:3)
  4 goblins
  4 hobgoblins
  A ball python (D:3)
  2 kobolds (D:1)
  A rat (D:1)
17 creatures vanquished.

Notes
Turn   | Place    | Note
-------+----------+-------------------------------------------
     0 | D:1      | EnegeticOcto the High Elf Conjurer began the quest for the Orb.
     0 | D:1      | Reached XP level 1. HP: 11/11 MP: 4/4
   101 | D:2      | Reached XP level 2. HP: 6/17 MP: 0/6
   105 | D:2      | Learned a level 2 spell: Searing Ray
   141 | D:3      | Reached skill level 5 in Conjurations
   268 | D:3      | Noticed RedRedRas's ghost (amateur TrBe)
   433 | D:3      | Slain by RedRedRas's ghost

Skill      XL: |  1  2 |
---------------+-------+-----
Conjurations   | 5 |  5.4
Dodging        | |  2.1
Stealth        | |  2.1
Spellcasting   | |  2.4

Action                   || total
-------------------------++-------
Melee: Spear             ||    21
 Cast: Magic Dart        ||    31
       Searing Ray       ||     2
 Stab: Sleeping          ||     1
Armor: Robe              ||     1
Dodge: Dodged            ||    10
